Map: Acropolis LE

Players

PeLLy

  • Race: Zerg Zerg
  • League: Diamond
  • Spawn Location: 11:00

TheHive - Winner!

  • Race: Zerg Zerg
  • League: Diamond
  • Spawn Location: 5:00

VOD

Have the link to the VOD?

Description

Time

  • Played on: Aug. 8, 2019, 5:07 p.m.
  • Length: 4:55
Show
View Real Time Build Order
Export as new Build Order

PeLLy Zerg 

Build Orders: Pool First 

Get SALT Encoding   

  12  0:00  Drone  
  13  0:23  Spawning Pool  
  13  0:25  Drone  
  13  0:29  Drone  
  14  0:40  Drone, Extractor  
  15  0:43  Overlord  
  15  1:10  Zergling x6  
  18  1:11  Queen  
  20  1:21  Zergling x2  
  21  1:34  Zergling x2  
  21  1:35  Hatchery  
  21  1:49  Extractor  
  21  1:50  Drone  
  21  2:00  Drone  
  22  2:04  Overlord  
  22  2:22  Queen  
  22  2:26  Zergling x8  
  23  2:43  Drone  
  24  2:45  Drone  
  25  2:54  Drone  
  25  2:56  Drone  
  27  3:05  Drone  
  28  3:10  Drone  
  28  3:11  Drone  
  29  3:30  Zergling x14  
  29  3:34  Evolution Chamber  
  32  3:36  Evolution Chamber  
  32  3:37  Evolution Chamber  
  30  3:43  Zergling x8  
  34  3:53  Zergling x2  
  30  3:56  Queen  
  30  4:00  Zergling x4  
  27  4:11  Baneling Nest  
  27  4:12  Zergling x4  
  26  4:19  Spine Crawler  
  24  4:28  Zergling x8  
  25  4:38  Zergling x4  
Show
View Real Time Build Order
Export as new Build Order

TheHive Zerg - Winner!

Build Orders: Pool First 

Get SALT Encoding   

  12  0:01  Drone  
  13  0:08  Drone  
  14  0:16  Drone, Extractor  
  15  0:40  Extractor  
  15  0:42  Spawning Pool  
  13  0:56  Hatchery  
  12  1:05  Drone x2  
  14  1:15  Overlord  
  14  1:32  Queen  
  14  1:39  Drone  
  17  1:46  Drone  
  18  1:47  Drone  
  18  1:52  Zergling x2  
  20  2:01  Zergling x2  
  21  2:03  Metabolic Boost  
  21  2:19  Zergling x6  
  22  2:32  Queen  
  24  2:40  Zergling x4  
  24  2:52  Zergling x2  
  24  2:53  Zergling x4  
  24  2:54  Overlord  
  27  3:10  Overlord  
  27  3:12  Queen  
  29  3:30  Zergling x2  
  29  3:31  Zergling x10  
  35  3:42  Zergling x2  
  35  3:53  Zergling x8  
  34  4:04  Zergling x4  
  33  4:20  Zergling x4  
  35  4:32  Zergling x4  
Tags
 
Add a new tag
Caveats
  • Supply blocks, unpowered buildings, or Contaminate may cause inaccurate times.
  • Supply counts are checked every 10 seconds.